 Dungeon Crawl Stone Soup version 0.27-a0-1048-g7ee7857c10 (webtiles) character file.

Game seed: 11286062431739210452

246222 Lemonice the Eclecticist (level 20, -12/155 HPs)
             Began as a Djinni Fire Elementalist on Apr 19, 2021.
             Was the Champion of Makhleb.
             Mangled by a vampire knight
             ... wielding a +3 great sword
              (30 damage)
             ... while paralysed by a vampire knight
             ... on level 2 of the Depths on Apr 20, 2021.
             The game lasted 03:36:43 (38698 turns).

Lemonice the Eclecticist (DjFE)                    Turns: 38698, Time: 03:36:44

Health: -12/155    AC: 18    Str: 21    XL:     20   Next: 31%
Gold:   964        EV:  2    Int: 28    God:    Makhleb [******] SH:  0 Dex: 24

rFire    + + .     SeeInvis +   O - +7 trident of the Beast {venom, rPois Int+6 Stlth+}
rCold    + . .     Faith    .   t - +5 kite shield {reflect}
rNeg     . . .     Spirit   +   A - +4 moon troll leather armour {Spirit, Regen++ MP+5}
rPois    ∞         Reflect  +   v - +2 helmet {SInv}
rElec    .         Harm     .   h - +1 cloak {rCorr}
rCorr    +         Rampage  .   R - +0 pair of gloves {Stlth+}
Will     ++...                  (boots unavailable)
Stlth    ++++......             i - amulet of regeneration
HPRegen  3.35/turn              F - ring of Veoh {*Corrode rC++ Str+6 Dex+5}
MPRegen  0.00/turn              Z - ring "Modghypif" {rCorr EV+4 Str+4 Int+3 Dex+4}

@: paralysed, flying, studying Fighting
A: fire resistance 2, cold vulnerability 1, float, innate caster, hp casting,
extra vitality 1, weak 1
a: Renounce Religion, Minor Destruction, Lesser Servant of Makhleb, Major
Destruction, Greater Servant of Makhleb


You were on level 2 of the Depths.
You worshipped Makhleb.
Makhleb was exalted by your worship.
You visited 7 branches of the dungeon, and saw 33 of its levels.
You visited 1 bazaar.
You also visited: Ossuary, Gauntlet and Ice Cave.

You collected 4743 gold pieces.
You spent 3779 gold pieces at shops.

Inventory:

Hand Weapons
 H - the +2 trident of Gueruss {vorpal, rN++ rCorr Dex+2}
   (You found it on level 2 of the Lair of Beasts)

   It inflicts extra damage upon your enemies.
   It affects your dexterity (+2).
   It greatly protects you from negative energy.
   It protects you from acid and corrosion.
 O - the +7 trident of the Beast (weapon) {venom, rPois Int+6 Stlth+}
   (You found it on level 9 of the Dungeon)

   It poisons the flesh of those it strikes.
   It affects your intelligence (+6).
   It protects you from poison.
   It makes you more stealthy.
 Y - the +4 quarterstaff of Famine {elec, rN+}
   (You found it on level 4 of the Lair of Beasts)

   Occasionally, upon striking a foe, it can discharge electrical energy and
   cause terrible harm.
   It protects you from negative energy.
Missiles
 m - 2 throwing nets
Armour
 h - a +1 cloak of preservation (worn)
 t - a +5 kite shield of reflection (worn)
 v - a +2 helmet of see invisible (worn)
 y - the +1 chain mail of Kiary {rC+ rN+}
   (You bought it in a shop in a bazaar)

   It protects you from cold.
   It protects you from negative energy.
 A - the +4 moon troll leather armour (worn) {Spirit, Regen++ MP+5}
   (You took it off a deep elf demonologist on level 3 of the Elven Halls)

   It affects your magic capacity (+5).
   It increases your rate of health regeneration.
 C - the +10 crystal plate armour "Koacifyph" {Rampage rN+}
   (You acquired it on level 5 of the Lair of Beasts)

   It protects you from negative energy.
   It bestows one free step when moving towards enemies.
 M - a scarf of resistance
 R - a +0 pair of gloves of stealth (worn)
Magical Staves
 I - a staff of fire
Jewellery
 i - an amulet of regeneration (around neck)
 o - a +6 ring of intelligence
 F - the ring of Veoh (left hand) {*Corrode rC++ Str+6 Dex+5}
   (You took it off a deep elf zephyrmancer on level 3 of the Elven Halls)

   [ring of strength]

   It affects your strength (+6).
   It affects your dexterity (+5).
   It greatly protects you from cold.
   It may corrode you when you take damage.
 N - the ring of the Philosopher {AC+4 Str+4}
   (You acquired it on level 12 of the Dungeon)

   [ring of protection]

   It affects your AC (+4).
   It affects your strength (+4).
 Z - the ring "Modghypif" (right hand) {rCorr EV+4 Str+4 Int+3 Dex+4}
   (You found it in a Gauntlet)

   [ring of evasion]

   It affects your evasion (+4).
   It affects your strength (+4).
   It affects your intelligence (+3).
   It affects your dexterity (+4).
   It protects you from acid and corrosion.
Wands
 a - a wand of acid (22)
 p - a wand of polymorph (70)
 K - a wand of paralysis (32)
 P - a wand of digging (22)
 X - a wand of iceblast (51)
Scrolls
 b - 4 scrolls of magic mapping
 c - 4 scrolls of torment
 f - 2 scrolls of summoning
 g - 7 scrolls of enchant weapon
 l - 5 scrolls of fog
 u - 2 scrolls of immolation
 w - 5 scrolls of brand weapon
 B - 2 scrolls of blinking
 D - 2 scrolls of fear
 E - a scroll of holy word
 G - 8 scrolls of teleportation
 L - 8 scrolls of identify
 T - 3 scrolls of vulnerability
 W - a scroll of silence
Potions
 d - 14 potions of curing
 e - 7 potions of heal wounds
 j - 6 potions of cancellation
 k - a potion of resistance
 n - 5 potions of mutation
 q - 5 potions of haste
 r - 7 potions of brilliance
 x - 3 potions of invisibility
 z - 8 potions of lignification
 J - 6 potions of might
 Q - 2 potions of berserk rage
 S - 3 potions of ambrosia
Miscellaneous
 s - a phantom mirror


   Skills:
 + Level 17.3 Fighting
 - Level 15.0 Armour
 - Level 8.1 Dodging
 - Level 1.5 Stealth
 + Level 13.0 Shields
 * Level 20.3 Spellcasting


You had 5 spell levels left.
You knew the following spells:

 Your Spells              Type           Power      Damage    Failure   Level
a - Foxfire               Conj/Fire      100%       2x1d9     0%          1
b - Conjure Flame         Conj/Fire      97%        6-21      0%          3
c - Inner Flame           Hex/Fire       97%        N/A       0%          3
d - Sticky Flame          Conj/Fire      97%        2d11      0%          4
e - Fireball              Conj/Fire      48%        3d19      0%          5
f - Summon Small Mammal   Summ           100%       N/A       0%          1
g - Passwall              Tmut/Erth      80%        N/A       0%          2
h - Vampiric Draining     Necr           48%        2d12      0%          3
i - Summon Guardian Gole  Hex/Summ       97%        N/A       0%          3
j - Manifold Assault      Tloc           97%        N/A       0%          5
k - Yara's Violent Unrav  Hex/Tmut       48%        3d19      0%          5
l - Iron Shot             Conj/Erth      48%        9d9       1%          6
m - Malign Gateway        Summ/Tloc      48%        N/A       1%          7
n - Invisibility          Hex            97%        N/A       1%          6
Your spell library was empty.

Dungeon Overview and Level Annotations

Branches:
Dungeon (15/15)            Temple (1/1) D:5            Lair (6/6) D:11
  Swamp (4/4) Lair:3        Snake (0/4) Lair:4        Slime (0/5) Lair:6
    Orc (2/2) D:10            Elf (3/3) Orc:2        Vaults (0/5) D:13
 Depths (2/5) D:15        Ossuary (visited)           IceCv (visited)
Gauntlet (visited)

Altars:
Ashenzari
Cheibriados
Dithmenos
Elyvilon
Fedhas
Gozag
Hepliaklqana
Kikubaaqudgha
Makhleb
Nemelex Xobeh
Okawaru
Qazlal
Ru
Sif Muna
Trog
Uskayaw
Vehumet
Wu Jian
Xom
Yredelemnul
Zin
The Shining One
Beogh
Jiyva

Shops:
D:6 !   D:11 ?   D:12 (*[   D:14 *   Orc:2 (?:[   Depths:2 [!

Portals:
Hell: Depths:1 Depths:2
Ziggurat: Depths:2

Annotations:
Depths:2 exclusion: juggernaut


Innate Abilities, Weirdness & Mutations

You are immune to poison.
Your flesh is very heat resistant. (rF++)
You are vulnerable to cold. (rC-)
You float through the air rather than walking.
You learn spells naturally, not from books.
Your magical power is your life essence.
You have superior vitality. (+4 HP)
You are weak. (Str -2)


Message History

There is an open door here.
A vampire knight comes into view. It is wielding a +3 great sword.
The vampire knight points at itself and mumbles some strange words.
The vampire knight flickers and vanishes for a moment.
Found a great sword.
Casting: Fireball (safe; 0% risk of failure)
Confirm with . or Enter, or press ? or * to list all spells.
Aiming: Fireball (safe; 0% risk of failure)
Press: ? - help, Shift-Dir - straight line, f - vampire knight
Aim: a vampire knight, wielding a +3 great sword and wearing a +0 chain mail (slightly transparent)
The fireball explodes!
The fireball engulfs the vampire knight!!
The vampire knight is moderately damaged.
The vampire knight gestures wildly while chanting.
The vampire knight seems to speed up.
An ettin comes into view.
It is wielding a +0 dire flail and a +0 great mace.
Casting: Fireball (safe; 0% risk of failure)
Confirm with . or Enter, or press ? or * to list all spells.
Aiming: Fireball (safe; 0% risk of failure)
Press: ? - help, Shift-Dir - straight line, p - vampire knight The fireball explodes!
The fireball engulfs the ettin!!
The ettin is moderately wounded.
The fireball engulfs the vampire knight!!
The vampire knight is severely damaged.
The vampire knight gestures at you while chanting.
You suddenly lose the ability to move!
The vampire knight blinks!
The vampire knight hits you with a +3 great sword!!
The vampire knight bites you. The ettin barely misses you.
The ettin hits you with a +0 great mace!!
The vampire knight hits you with a +3 great sword!
The vampire knight bites you.
The ettin hits you with a +0 dire flail!!
The ettin hits you with a +0 great mace!!
* * * LOW HITPOINT WARNING * * *
The vampire knight hits you with a +3 great sword!!
* * * LOW HITPOINT WARNING * * *
The vampire knight bites you but does no damage.
The vampire knight hits you with a +3 great sword!!
You die...

#####################
#≈...........∩.......
#.###################
#.#....#....#....#...
#.#....#....#....#...
#.#....#....#....#...
#.#....#....#....#...
#.###'####'####'###'#
#.#V@............)...
#.##C####'#####'###'#
#.#... #....#....#...
#.#....#....#....#...
#.#..).#....#....#...
#.#....#....#....#...
#.###################
#≈...................
#.###################


You could see a vampire knight (fast, invisible) and an ettin.

Vanquished Creatures
  A juggernaut (Depths:2)
  A golden dragon (Depths:2)
  Rupert (D:14)
  A hellephant (D:13)
  3 liches
  2 deep elf blademasters (Elf:3)
  3 deep elf master archers
  A thorn hunter (Swamp:3)
  Donald (Swamp:2)
  4 frost giants
  3 fire giants (Depths:2)
  8 deep elf sorcerers (Elf:3)
  4 deep elf elementalists (Elf:3)
  4 very ugly things
  4 stone giants
  7 deep elf annihilators
  6 deep elf demonologists (Elf:3)
  Nessos (D:12)
  A vampire knight (Depths:1)
  A minotaur (Gauntlet)
  3 spark wasps (Depths:2)
  Azrael (D:14)
  A bunyip (Swamp:2)
  Snorg (Orc:2)
  8 deep elf death magi (Elf:3)
  5 ettins
  3 fire dragons
  A merfolk impaler (Depths:1)
  Josephine (D:10)
  4 eleionomae
  2 great orbs of eyes
  4 deep elf high priests
  2 boulder beetles
  Erolcha (Orc:2)
  A vault guard (D:13)
  A rakshasa (Depths:1)
  13 hydras
  5 ghost crabs
  11 alligators
  An anaconda (Swamp:2)
  4 two-headed ogres
  26 dancing weapons
  A centaur warrior (D:15)
  3 hell hogs (D:13)
  2 deep troll shamans (Depths:1)
  A tengu warrior (Depths:1)
  An orc high priest (Elf:3)
  A deep troll earth mage (Depths:1)
  2 hell knights (Depths:2)
  The ghost of nht the Grappler, a novice TrTm of Qazlal (D:7)
  14 deep elf knights
  Nergalle (D:10)
  3 iron trolls (Depths:1)
  A death drake (Gauntlet)
  2 spriggan druids (Swamp:3)
  4 goliath frogs
  A salamander mystic (Depths:2)
  A golden dragon zombie (Depths:2)
  2 bog bodies
  3 swamp dragons
  4 wizards
  5 deep trolls (Depths:1)
  6 deep elf archers
  An orc knight (D:15)
  27 deep elf pyromancers
  Pikel (D:6)
  A fire giant zombie (Depths:2)
  5 necromancers
  2 wolf spider zombies
  11 orc sorcerers
  7 ugly things
  An oklob plant (Lair:3)
  2 cyclopes
  A cyclops (shapeshifter) (Elf:3)
  A manticore (D:14)
  29 deep elf zephyrmancers
  2 will-o-the-wisps
  A frost giant zombie (Depths:2)
  28 elephants
  3 salamanders (Depths:2)
  Maurice (D:11)
  A moth of wrath (Swamp:3)
  A frost giant skeleton (Depths:2)
  A naga mage (D:15)
  7 black mambas
  An ice statue (IceCv)
  2 torpor snails
  33 cane toads
  A cane toad (shapeshifter) (Elf:3)
  4 kobold demonologists
  A gargoyle (D:10)
  2 yaktaurs
  Psyche (D:10)
  3 rime drakes
  4 tengu conjurers
  13 komodo dragons
  10 freezing wraiths (IceCv)
  An efreet (D:15)
  2 bloated husks
  A spectral harpy (Gauntlet)
  5 hornets
  4 trolls
  4 polar bears
  15 tyrant leeches
  A harpy skeleton (D:15)
  Prince Ribbit (D:5)
  2 hornets (shapeshifter)
  30 blink frogs
  6 slime creatures (D:13)
  A frost giant simulacrum (Depths:2)
  Sigmund (D:3)
  A vampire (D:11)
  2 spriggans
  A shadow (D:12)
  Grum (D:10)
  13 wraiths
  A wyvern (D:10)
  58 yaks
  4 water elementals
  6 fire elementals
  18 vampire mosquitoes
  3 steam dragons
  A basilisk (Lair:1)
  A neqoxec (D:12)
  21 humans (D:13)
  A death yak simulacrum (IceCv)
  15 swamp worms
  2 wargs
  Edmund (D:3)
  16 water moccasins
  12 hell hounds
  5 swamp drakes
  7 orc warriors
  9 ice beasts
  5 black bears
  3 sky beasts
  A meliai simulacrum (Gauntlet)
  An ice beast (shapeshifter) (D:14)
  5 ogres
  An alligator simulacrum (IceCv)
  19 wolves
  11 centaurs
  A lemure (D:6)
  A phantom (D:6)
  2 elf zombies (Ossuary)
  Blork the orc (D:4)
  A spectral wyvern (D:7)
  2 kobold brigands (D:13)
  20 bullfrogs
  3 earth elementals
  A cane toad simulacrum (Gauntlet)
  A gnoll sergeant (D:10)
  4 scorpions
  A water moccasin skeleton (D:4)
  4 wights (D:8)
  3 vampire bats (D:4)
  2 howler monkeys (D:10)
  2 electric eels
  A crimson imp (D:12)
  A spectral centaur (D:7)
  6 draconian simulacra (IceCv)
  9 centaur zombies
  A quasit (D:12)
  2 bullfrog zombies
  A human zombie (Ossuary)
  3 jellies
  2 centaur skeletons
  9 orc priests
  A gnoll shaman (D:5)
  2 hounds
  2 iguanas
  Natasha (thrice) (D:3)
  Ijyb (D:4)
  26 orc wizards
  3 hell rats (Lair:6)
  6 troll simulacra (IceCv)
  2 spriggan simulacra (IceCv)
  2 wolf simulacra (IceCv)
  4 centaur simulacra
  2 mummies (Ossuary)
  3 howler monkey zombies
  9 gnolls
  4 naga simulacra (IceCv)
  An ogre simulacrum (IceCv)
  8 river rats (Lair:6)
  2 adders
  12 white imps (IceCv)
  A howler monkey simulacrum (D:7)
  2 adder skeletons (D:4)
  6 dart slugs
  43 orcs
  7 ball pythons
  7 bats
  A bat skeleton (D:4)
  6 bat zombies (D:4)
  2 endoplasms (D:1)
  6 giant cockroaches
  10 goblins
  7 hobgoblins
  10 jackals
  7 quokkas
  2 frilled lizards
  2 goblin zombies (Ossuary)
  8 hobgoblin zombies (Ossuary)
  2 jackal zombies (Ossuary)
  9 kobolds
  9 kobold zombies (Ossuary)
  11 orc zombies (Ossuary)
  7 rats (Lair:6)
  A rat zombie (Ossuary)
  2 butterflies
1088 creatures vanquished.

Vanquished Creatures (collateral kills)
  A merfolk javelineer (Depths:1)
  3 deep elf pyromancers (Elf:2)
  Grinder (D:3)
  An air elemental (Elf:2)
  Jessica (D:3)
7 creatures vanquished.

Vanquished Creatures (others)
  5 eldritch tentacles
  A goliath frog (Swamp:3)
  A swamp dragon (Swamp:4)
  A deep elf pyromancer (Elf:2)
  A steam dragon (Swamp:4)
  2 swamp drakes (Swamp:4)
  591 foxfires
  55 fungi
  189 plants
  14 withered plants (Gauntlet)
860 creatures vanquished.

Grand Total: 1955 creatures vanquished

Notes
Turn   | Place    | Note
-------+----------+-------------------------------------------
     0 | D:1      | Lemonice the Djinni Fire Elementalist began the quest for
                  | the Orb.
     0 | D:1      | Reached XP level 1. HP: 15/15 MP: 0/0
     6 | D:1      | Noticed an electric eel
   192 | D:1      | Reached XP level 2. HP: 21/22 MP: 0/0
   278 | D:1      | Reached skill level 3 in Spellcasting
   567 | D:1      | Reached skill level 1 in Fighting
   624 | D:1      | Reached XP level 3. HP: 20/27 MP: 0/0
   624 | D:1      | Learned a level 1 spell: Summon Small Mammal
  1244 | D:1      | You are sucked into a shaft and drop 1 floor!
  2506 | D:2      | Reached XP level 4. HP: 29/32 MP: 0/0
  2953 | D:3      | Found a faded altar of an unknown god.
  3351 | D:3      | Noticed Jessica
  3383 | D:3      | Killed Jessica
  3510 | D:3      | Noticed Sigmund
  3530 | D:3      | Killed Sigmund
  3531 | D:3      | Reached skill level 4 in Spellcasting
  3531 | D:3      | Reached XP level 5. HP: 16/39 MP: 0/0
  3531 | D:3      | Learned a level 2 spell: Passwall
  3531 | D:3      | Reached XP level 6. HP: 19/45 MP: 0/0
  4112 | D:3      | Noticed Grinder
  4133 | D:3      | Killed Grinder
  4296 | D:3      | Noticed Natasha
  4302 | D:3      | Killed Natasha
  4303 | D:3      | Reached XP level 7. HP: 46/50 MP: 0/0
  4303 | D:3      | Learned a level 3 spell: Vampiric Draining
  4793 | D:3      | Noticed Natasha
  4800 | D:3      | Killed Natasha
  4801 | D:3      | Reached skill level 5 in Spellcasting
  5160 | D:3      | Noticed Natasha
  5171 | D:3      | Killed Natasha
  5243 | D:4      | Noticed Ijyb
  5254 | D:4      | Killed Ijyb
  5449 | D:4      | Noticed Edmund
  6106 | D:3      | Killed Edmund
  6107 | D:3      | Reached skill level 5 in Dodging
  6254 | D:4      | Noticed Blork the orc
  6263 | D:4      | Found a blossoming altar of Fedhas.
  6274 | D:4      | Killed Blork the orc
  6275 | D:4      | Reached XP level 8. HP: 50/58 MP: 0/0
  6370 | D:4      | Reached skill level 6 in Spellcasting
  6528 | D:4      | Found a hide-covered altar of Uskayaw.
  6528 | D:4      | Found a shadowy altar of Dithmenos.
  7019 | D:4      | Found an opulent altar of Gozag.
  7019 | D:4      | Found a sparkling altar of Nemelex Xobeh.
  7246 | D:5      | Entered Level 5 of the Dungeon
  7337 | D:5      | Found a staircase to the Ecumenical Temple.
  7342 | Temple   | Entered the Ecumenical Temple
  7404 | Temple   | Became a worshipper of Makhleb the Destroyer
  7488 | D:5      | Reached skill level 5 in Fighting
  7741 | D:5      | Reached skill level 7 in Spellcasting
  7755 | D:5      | Reached XP level 9. HP: 61/65 MP: 0/0
  7755 | D:5      | Learned a level 3 spell: Summon Guardian Golem
  8233 | D:5      | Found an ornate altar of the Wu Jian Council.
  8260 | D:5      | Noticed Prince Ribbit
  8263 | D:5      | Killed Prince Ribbit
  8712 | D:6      | Found a sand-covered staircase.
  8721 | Ossuary  | Entered an ossuary
  8740 | Ossuary  | Reached * piety under Makhleb
  8919 | Ossuary  | Reached skill level 8 in Spellcasting
  9214 | D:6      | Noticed Pikel
  9226 | D:6      | Killed Pikel
  9531 | D:6      | Reached ** piety under Makhleb
  9761 | D:6      | Reached XP level 10. HP: 69/73 MP: 0/0
 10349 | D:6      | Found Ynemegh's Distillery.
 10357 | D:6      | Bought a potion of heal wounds for 55 gold pieces
 10357 | D:6      | Bought a potion of attraction for 33 gold pieces
 10357 | D:6      | Bought a potion of mutation for 88 gold pieces
 10357 | D:6      | Bought a potion of brilliance for 44 gold pieces
 10483 | D:7      | Reached skill level 9 in Spellcasting
 10687 | D:7      | Found a runed translucent gate.
 10687 | D:7      | Found a runed translucent gate.
 10688 | D:7      | Found a runed translucent gate.
 10696 | D:7      | Reached skill level 1 in Armour
 11440 | D:7      | Noticed nht's ghost (novice TrTm)
 11683 | D:7      | Found the +5 scythe "Finisher" {speed, eviscerate}
 11966 | D:8      | Reached skill level 5 in Armour
 12176 | D:8      | Reached *** piety under Makhleb
 12453 | D:8      | Found a sacrificial altar of Ru.
 12737 | D:9      | Noticed a two-headed ogre
 12742 | D:9      | Killed a two-headed ogre
 12873 | D:9      | Identified the +7 trident of the Beast {venom, rPois Int+6
                  | Stlth+}
 12891 | D:9      | Reached XP level 11. HP: 58/79 MP: 0/0
 12891 | D:9      | Learned a level 5 spell: Manifold Assault
 13896 | D:7      | Killed nht's ghost
 13962 | D:10     | Entered Level 10 of the Dungeon
 13985 | D:10     | Noticed Nergalle
 14097 | D:10     | Killed Nergalle
 14098 | D:10     | Reached skill level 10 in Armour
 14102 | D:10     | Noticed a two-headed ogre
 14104 | D:10     | Killed a two-headed ogre
 14107 | D:10     | Noticed a six-headed hydra
 14110 | D:10     | Killed a six-headed hydra
 14290 | D:10     | Noticed Psyche
 14294 | D:10     | Killed Psyche
 14535 | D:10     | Noticed Grum
 14542 | D:10     | Killed Grum
 14560 | D:10     | Reached XP level 12. HP: 50/85 MP: 0/0
 14920 | D:10     | Noticed Josephine
 14924 | D:10     | Killed Josephine
 14924 | D:10     | Reached **** piety under Makhleb
 15227 | D:10     | Found a staircase to the Orcish Mines.
 15307 | D:10     | Reached skill level 1 in Shields
 15650 | D:11     | Reached skill level 10 in Spellcasting
 15859 | D:11     | Found a staircase to the Lair.
 15975 | D:11     | Noticed Maurice
 15982 | D:11     | Killed Maurice
 16197 | D:11     | Found Soinylee's Magic Scroll Shoppe.
 16202 | D:11     | Noticed a two-headed ogre
 16207 | D:11     | Killed a two-headed ogre
 16210 | D:11     | Bought a scroll of blinking for 105 gold pieces
 16210 | D:11     | Bought a scroll of identify for 28 gold pieces
 16210 | D:11     | Bought a scroll of enchant armour for 105 gold pieces
 16210 | D:11     | Bought a scroll of teleportation for 42 gold pieces
 16210 | D:11     | Bought 2 scrolls of identify for 56 gold pieces
 16210 | D:11     | Bought a scroll of noise for 14 gold pieces
 16213 | D:11     | Identified 2 scrolls of acquirement
 16220 | D:11     | Acquired a manual of Spellcasting
 16751 | D:12     | Gained mutation: You are weak. (Str -2) [a neqoxec]
 17118 | D:12     | Found Doprow's General Store.
 17124 | D:12     | Found Zoiryu Cosk's Weapon Emporium.
 17296 | D:12     | Found Amul's Armour Boutique.
 17444 | D:12     | Noticed Nessos
 17450 | D:12     | Killed Nessos
 17451 | D:12     | Reached skill level 11 in Spellcasting
 17779 | D:12     | Noticed a two-headed ogre
 17784 | D:12     | Killed a two-headed ogre
 18242 | Orc:1    | Entered Level 1 of the Orcish Mines
 18435 | Orc:2    | Entered Level 2 of the Orcish Mines
 18443 | Orc:2    | Reached XP level 13. HP: 77/94 MP: 0/0
 18443 | Orc:2    | Learned a level 5 spell: Yara's Violent Unravelling
 18448 | Orc:2    | Noticed Snorg
 18453 | Orc:2    | Killed Snorg
 18460 | Orc:2    | Reached skill level 12 in Spellcasting
 18795 | Orc:2    | Found a staircase to the Elven Halls.
 18897 | Orc:2    | Paralysed by an orc sorcerer for 3 turns
 18912 | Orc:2    | Reached skill level 5 in Shields
 19137 | Orc:2    | Paralysed by an orc sorcerer for 6 turns
 19156 | Orc:2    | Found Nuicab's Book Boutique.
 19183 | Orc:2    | Noticed Erolcha
 19187 | Orc:2    | Killed Erolcha
 19353 | Orc:2    | Found Pipladot's Antique Armour Shop.
 19362 | Orc:2    | Bought a runed cloak for 232 gold pieces
 19424 | Orc:2    | Found Sulikary's Antique Weapon Shop.
 19429 | Orc:2    | Reached ***** piety under Makhleb
 19433 | Orc:2    | Found Saerr's Magic Scroll Shop.
 19445 | Orc:2    | Bought a scroll of identify for 34 gold pieces
 19445 | Orc:2    | Bought a scroll of identify for 34 gold pieces
 19445 | Orc:2    | Bought a scroll of identify for 34 gold pieces
 19445 | Orc:2    | Bought a scroll of immolation for 59 gold pieces
 20221 | Lair:1   | Entered Level 1 of the Lair of Beasts
 20407 | Lair:1   | Reached skill level 13 in Spellcasting
 20428 | Lair:1   | Reached skill level 10 in Fighting
 21556 | Lair:2   | Reached skill level 14 in Spellcasting
 22578 | Lair:2   | Reached XP level 14. HP: 92/103 MP: 0/0
 22636 | Lair:2   | Identified the +2 trident of Gueruss {vorpal, rN++ rCorr
                  | Dex+2}
 22874 | Lair:3   | Found a frozen archway.
 22879 | Lair:3   | Found a staircase to the Swamp.
 22883 | IceCv    | Entered an ice cave
 23366 | IceCv    | Reached ****** piety under Makhleb
 23591 | Lair:3   | Reached skill level 15 in Spellcasting
 24253 | Lair:4   | Found a staircase to the Snake Pit.
 24430 | Lair:4   | Identified the +4 quarterstaff of Famine {elec, rN+}
 25236 | Lair:5   | Acquired the +10 crystal plate armour "Koacifyph" {Rampage
                  | rN+}
 25644 | Lair:6   | Entered Level 6 of the Lair of Beasts
 25707 | Lair:6   | Reached XP level 15. HP: 101/112 MP: 0/0
 25707 | Lair:6   | Learned a level 6 spell: Iron Shot
 25830 | Lair:5   | Upgraded the game from 0.27-a0-1046-g98bf31544f to
                  | 0.27-a0-1048-g7ee7857c10
 26709 | Lair:6   | Reached skill level 15 in Armour
 27212 | Lair:6   | Found a viscous altar of Jiyva.
 27213 | Lair:6   | Found a staircase to the Slime Pits.
 27380 | Swamp:1  | Entered Level 1 of the Swamp
 27501 | Swamp:1  | Reached skill level 16 in Spellcasting
 28100 | Swamp:2  | Reached XP level 16. HP: 110/120 MP: 0/0
 28148 | Swamp:2  | Noticed Donald
 28155 | Swamp:2  | Killed Donald
 28945 | Swamp:3  | Noticed a thorn hunter
 28953 | Swamp:3  | Killed a thorn hunter
 29427 | Swamp:4  | Entered Level 4 of the Swamp
 29505 | Swamp:4  | Reached skill level 17 in Spellcasting
 29533 | Swamp:4  | Noticed a fenstrider witch
 29785 | D:13     | Found a gate leading to a gauntlet.
 29810 | Gauntlet | Entered a Gauntlet
 29810 | Gauntlet | Found a transporter.
 29810 | Gauntlet | Found a transporter.
 29810 | Gauntlet | Found a transporter.
 29811 | Gauntlet | Found a transporter.
 29814 | Gauntlet | Found a transporter.
 29814 | Gauntlet | Found a transporter.
 29817 | Gauntlet | Found a large runed translucent door.
 29818 | Gauntlet | Found a large runed translucent door.
 29819 | Gauntlet | Found a large runed translucent door.
 29819 | Gauntlet | Found a large runed translucent door.
 29819 | Gauntlet | Found a runed translucent door.
 29819 | Gauntlet | Found a runed translucent door.
 29820 | Gauntlet | Found a large runed translucent door.
 29820 | Gauntlet | Found a large runed translucent door.
 29820 | Gauntlet | Found a large runed translucent door.
 29820 | Gauntlet | Found a large runed translucent door.
 29821 | Gauntlet | Found a large runed translucent door.
 29822 | Gauntlet | Found a large runed translucent door.
 29823 | Gauntlet | Found a large runed translucent door.
 29823 | Gauntlet | Found a large runed translucent door.
 29824 | Gauntlet | Found a large runed translucent door.
 29824 | Gauntlet | Found a large runed translucent door.
 29824 | Gauntlet | Found a large runed translucent door.
 29824 | Gauntlet | Found a large runed translucent door.
 29827 | Gauntlet | Found a runed translucent gate.
 29827 | Gauntlet | Found a runed translucent gate.
 29827 | Gauntlet | Found a runed translucent gate.
 29829 | Gauntlet | Found a transporter.
 29833 | Gauntlet | Found a transporter.
 29849 | Gauntlet | Found a transporter.
 29944 | Gauntlet | Found a transporter.
 29944 | Gauntlet | Found a transporter.
 29959 | Gauntlet | Found a transporter.
 30185 | Gauntlet | Identified the ring "Modghypif" {rCorr EV+4 Str+4 Int+3
                  | Dex+4}
 30362 | D:13     | Found a huge runed gate.
 30362 | D:13     | Found a huge runed gate.
 30362 | D:13     | Found a huge runed gate.
 30364 | D:13     | Found a huge runed gate.
 30365 | D:13     | Found a huge runed gate.
 30365 | D:13     | Found a huge runed gate.
 30367 | D:13     | Found a huge runed gate.
 30367 | D:13     | Found a huge runed gate.
 30367 | D:13     | Found a huge runed gate.
 30367 | D:13     | Found a huge runed gate.
 30377 | D:13     | Found a huge runed gate.
 30377 | D:13     | Found a huge runed gate.
 30377 | D:13     | Found a huge runed gate.
 30377 | D:13     | Found a huge runed gate.
 30377 | D:13     | Found a huge runed gate.
 30377 | D:13     | Found a huge runed gate.
 30378 | D:13     | Found a huge runed gate.
 30399 | D:13     | Found a huge runed gate.
 30399 | D:13     | Found a huge runed gate.
 30399 | D:13     | Found a huge runed gate.
 30399 | D:13     | Found a huge runed gate.
 30400 | D:13     | Found a huge runed gate.
 30436 | D:13     | Found a huge runed gate.
 30436 | D:13     | Found a huge runed gate.
 30436 | D:13     | Found a huge runed gate.
 30444 | D:13     | Found a huge runed gate.
 30572 | D:13     | Reached XP level 17. HP: 127/127 MP: 0/0
 30572 | D:13     | Learned a level 7 spell: Malign Gateway
 30598 | D:13     | Found a gate to the Vaults.
 30914 | D:13     | Found a huge runed gate.
 30934 | D:13     | Found a huge runed gate.
 30934 | D:13     | Found a huge runed gate.
 30935 | D:13     | Found a huge runed gate.
 30984 | D:13     | Noticed a hellephant
 31174 | D:13     | Killed a hellephant
 31377 | D:14     | Noticed Azrael
 31389 | D:14     | Killed Azrael
 31389 | D:14     | Noticed Rupert
 31551 | D:14     | Found Huimobb's General Store.
 32079 | D:14     | Paralysed by Rupert for 5 turns
 32085 | D:14     | Killed Rupert
 32131 | D:15     | Entered Level 15 of the Dungeon
 32400 | D:15     | Found a staircase to the Depths.
 32563 | Elf:1    | Entered Level 1 of the Elven Halls
 33304 | Elf:1    | Reached skill level 18 in Spellcasting
 33503 | Elf:2    | Identified the +9 hand crossbow "Guest" {flame, rN++ Dex-5}
 33875 | Elf:2    | Noticed a deep elf master archer
 33882 | Elf:2    | Killed a deep elf master archer
 34011 | Elf:2    | Found a runed translucent gate.
 34011 | Elf:2    | Found a runed translucent gate.
 34011 | Elf:2    | Found a runed translucent gate.
 34031 | Elf:2    | Reached XP level 18. HP: 66/136 MP: 0/0
 34083 | Elf:2    | Reached skill level 10 in Shields
 34847 | Elf:2    | Found Aschilios's Assorted Antiques.
 34950 | Elf:3    | Entered Level 3 of the Elven Halls
 35181 | Elf:3    | Reached skill level 15 in Fighting
 35565 | Elf:3    | Noticed a deep elf blademaster
 35565 | Elf:3    | Noticed a deep elf blademaster
 35595 | Elf:3    | Killed a deep elf blademaster
 35596 | Elf:3    | Killed a deep elf blademaster
 35716 | Elf:3    | Reached skill level 19 in Spellcasting
 35718 | Elf:3    | Identified the ring of Veoh {*Corrode rC++ Str+6 Dex+5}
 35719 | Elf:3    | Noticed a deep elf master archer
 35724 | Elf:3    | Noticed a deep elf master archer
 35726 | Elf:3    | Killed a deep elf master archer
 35730 | Elf:3    | Killed a ghostly deep elf master archer
 35733 | Elf:3    | Killed a deep elf master archer
 35841 | Elf:3    | Reached XP level 19. HP: 132/143 MP: 0/0
 35841 | Elf:3    | Learned a level 6 spell: Invisibility
 36029 | Elf:3    | Identified the +7 ring mail of Weightlessness {*Corrode
                  | +Inv Regen+ Str-5}
 36029 | Elf:3    | Identified the ring "Kohosm" {Str+6 Dex+2 SInv}
 36076 | Elf:3    | Found the +3 robe of Folly {Archmagi, Will-- Int+5}
 36079 | Elf:3    | Identified the +6 chain mail of Compression {rF+ Dex+3}
 36087 | Elf:3    | Identified the +0 whip "Huthraugg" {vorpal, Fly Str+5
                  | Int+4}
 36101 | Elf:3    | Identified the +0 kite shield of Pride {Harm Will+ MP-9
                  | Stlth+}
 36112 | Elf:3    | Identified the +0 chain mail of Purpose {Int+5 Stlth-}
 36113 | Elf:3    | Identified the +1 leather armour of Viteomah {Fly Regen+
                  | Int-5}
 36117 | Elf:3    | Identified the amulet "Ydihorph" {Acrobat rF+++ Str-5
                  | Int+4}
 36121 | Elf:3    | Identified the +3 short sword of Kismet {drain, *Noise
                  | rPois MP+9}
 36643 | D:11     | Bought a scroll of acquirement for 728 gold pieces
 36643 | D:11     | Bought a scroll of acquirement for 728 gold pieces
 36647 | D:11     | Acquired 373 gold pieces
 36648 | D:11     | Acquired a manual of Fighting
 36814 | D:12     | Bought a scroll of teleportation for 36 gold pieces
 36814 | D:12     | Bought a scroll of acquirement for 624 gold pieces
 36814 | D:12     | Acquired the ring of the Philosopher {AC+4 Str+4}
 36917 | Depths:1 | Entered Level 1 of the Depths
 36937 | Depths:1 | Found a flickering gateway to a bazaar.
 36960 | Bazaar   | Entered a bazaar
 36967 | Bazaar   | Found Sicairepn's Antique Weapon Shoppe.
 36978 | Bazaar   | Found Gasiomn's Antique Weapon Emporium.
 36993 | Bazaar   | Found Kejairgh's Antique Armour Shoppe.
 37004 | Bazaar   | Found Xuinymon's Antique Armour Emporium.
 37027 | Bazaar   | Bought a pair of ancient gloves for 285 gold pieces
 37027 | Bazaar   | Identified the -3 pair of gloves of the Ecumenical Temple
                  | {MP+9} (You bought it in a shop in a bazaar)
 37027 | Bazaar   | Bought a faintly glowing chain mail for 285 gold pieces
 37027 | Bazaar   | Identified the +1 chain mail of Kiary {rC+ rN+} (You bought
                  | it in a shop in a bazaar)
 37061 | Depths:1 | Found a blossoming altar of Fedhas.
 37901 | Depths:1 | Found a gateway to Hell.
 37947 | Depths:1 | Identified the +5 quarterstaff of Triumph {vorpal, rF+
                  | MP+9}
 38068 | Depths:2 | Found Veigoask's Distillery.
 38075 | Depths:2 | Found Nemuvaob's Antique Armour Shop.
 38084 | Depths:2 | Bought a potion of heal wounds for 65 gold pieces
 38084 | Depths:2 | Bought a potion of heal wounds for 65 gold pieces
 38356 | Depths:2 | Reached skill level 20 in Spellcasting
 38430 | Depths:2 | Reached XP level 20. HP: 113/154 MP: 0/0
 38459 | Depths:2 | Noticed a juggernaut
 38476 | Depths:2 | Killed a juggernaut
 38507 | Depths:2 | Noticed a golden dragon
 38510 | Depths:2 | Killed a golden dragon
 38601 | Depths:2 | Found a gateway to a ziggurat.
 38694 | Depths:2 | Paralysed by a vampire knight for 7 turns
 38698 | Depths:2 | Mangled by a vampire knight

Illustrated notes

Levels and vault maps discovered:
D:1:      arrival_aquarium_a, layout_rooms, serial_bayou_pond_d, grunt_decor_cap
D:2:      layout_basic
D:3:      layout_rooms, shapermc_ecumenical_altar_notcrosses, roderic_lattice_a,
          uniq_grinder, uniq_natasha, uniq_sigmund, uniq_jessica
D:4:      layout_basic, grunt_temple_overflow_opulence, lemuel_crystal_altar,
          kennysheep_vampire_church, gammafunk_temple_overflow_wave,
          uniq_blork_the_orc, uniq_edmund, uniq_ijyb
D:5:      layout_basic, general_overflow_altar, minmay_temple_entry_wispy,
          grunt_tough_drop, uniq_prince_ribbit1
D:6:      layout_loops_ring, nicolae_ossuary_entry_monument, serial_shops, shop,
          uniq_pikel
D:7:      layout_basic, gammafunk_ghost_necromancy,
          minmay_guarded_unrand_finisher
D:8:      layout_basic, nicolae_ru_awakened_eye
D:9:      layout_rooms
D:10:     layout_roguey, orc_0_dummy, roderic_serpentine_path, ldierk_geyser,
          onia_ninara_cookie, uniq_grum, uniq_josephine, uniq_psyche,
          uniq_nergalle
D:11:     layout_grid_maze, lair_entry_dummy, serial_shops,
          nicolae_shop_temple_entry_statues_fountains, uniq_maurice
D:12:     kennysheep_demon_hangout, layout_gridville, serial_shops, shop, shop,
          kennysheep_mini, uniq_nessos
D:13:     layout_long_grid, grunt_vaults_entry_tiered, gauntlet_entry_generic,
          not_door_vault_due
D:14:     layout_loops_cross, serial_shops, shop, uniq_azrael, uniq_rupert
D:15:     grunt_enter_depths_magical_seal, layout_rooms
Temple:   zaba_magenta_temple
Lair:1:   layout_regular_city
Lair:2:   cheibrodos_lair_overgrown_chateau, layout_loops_ring,
          lemuel_fruit_fields, serial_bayou_shore_b, serial_bayou_shore_b
Lair:3:   layout_regular_city, swamp_mist, portal_ice_cave_entry_pillars_2,
          nicolae_quartered_pool_little
Lair:4:   layout_roguey, dummy_snake_entry
Lair:5:   layout_regular_city, infiniplex_staircase_pool_2
Lair:6:   minmay_lair_end_frog_pond, layout_cave_pods,
          dpeg_slime_entry_enclosed_altar, kennysheep_abandoned_house
Swamp:1:  layout_basic_swamp, evilmike_swamp_ruin_house_3
Swamp:2:  layout_basic_swamp, evilmike_swamp_ruin_house_2, swamp_pool4,
          nicolae_swamp_snake_nest, infiniplex_staircase_pool, uniq_donald
Swamp:3:  layout_basic_swamp, nicolae_swamp_tree_isthmus, worms_lemuel
Swamp:4:  swamp_fiery, layout_basic_swamp
Orc:1:    layout_caves
Orc:2:    kennysheep_orc_mage_school, layout_diamond_mine, uniq_snorg
Elf:1:    eino_elf_arrival_shootout, layout_onion_city,
          hangedman_elven_crosses_minicolossus, minmay_elf_annihilation
Elf:2:    layout_geoelf_grid, serial_shops, shop, guppyfry_elf_garden,
          uniq_louise
Elf:3:    elf_hall, layout_geoelf_diagonals, st_stairs_9
Depths:1: layout_twisted_cross, serial_shops, bzr_entry_water,
          hangedman_decor_diamond_cutter, grunt_hell_entry_dis_old,
          minmay_misc_feat_nine_boxes, chequers_serial_rivers_small_a,
          fedhas_altar_1, serial_bayou_shore_a, firewood_loft
Depths:2: cell_vault, layout_cave_pools, ziggurat_fallback, hell_entry,
          statue_in_the_mist_lemuel, fiery_altar_vehumet, minmay_shoptagon

Skill      XL: |  1  2  3  4  5  6  7  8  9 10 11 12 13 14 15 16 17 18 19 20 |
---------------+-------------------------------------------------------------+-----
Spellcasting   | 3 4 5 7 8 9 11 14 15 16 17 18 19 20 | 20.3
Fighting       | 1 2 3 4 5 6 7 9 10 12 13 14 15 16 17 | 17.3
Dodging        | 3 4 5 6 7 8 |  8.1
Armour         | 8 12 15 | 15.0
Shields        | 4 5 7 9 11 12 13 | 13.0
Stealth        | |  1.5

Action                   |  1- 3 |  4- 6 |  7- 9 | 10-12 | 13-15 | 16-18 | 19-21 || total
-------------------------+-------+-------+-------+-------+-------+-------+-------++-------
Melee: Unarmed           |     2 |     4 |     2 |       |       |       |       ||     8
       Dire flail        |       |       |    60 |     4 |       |       |       ||    64
       Scythe            |       |       |       |     7 |       |       |       ||     7
       Trident           |       |       |       |    74 |    24 |     7 |       ||   105
 Cast: Foxfire           |   105 |    64 |   221 |       |       |       |       ||   390
       Summon Small Mamm |       |    16 |       |       |     4 |       |       ||    20
       Sticky Flame      |       |       |    20 |    12 |    34 |    16 |     1 ||    83
       Vampiric Draining |       |       |    22 |    16 |    36 |     7 |     1 ||    82
       Fireball          |       |       |    10 |   202 |   467 |   344 |   157 ||  1180
       Manifold Assault  |       |       |       |    18 |       |       |       ||    18
       Inner Flame       |       |       |       |       |     1 |     4 |     1 ||     6
       Iron Shot         |       |       |       |       |     9 |   163 |    82 ||   254
       Summon Guardian G |       |       |       |       |       |     2 |       ||     2
       Malign Gateway    |       |       |       |       |       |     4 |     1 ||     5
Evoke: Wand              |       |       |       |       |       |       |     1 ||     1
  Use: Scroll            |       |       |       |    13 |    12 |    23 |     5 ||    53
       Potion            |       |       |       |     2 |       |     3 |       ||     5
 Stab: Sleeping          |       |       |     1 |       |       |       |       ||     1
Armor: Robe              |     4 |     6 |    67 |     2 |       |       |       ||    79
       Steam dragon scal |       |       |       |    58 |     8 |       |       ||    66
       Troll leather arm |       |       |       |       |    21 |       |     4 ||    25
       Ring mail         |       |       |       |       |    13 |    56 |     6 ||    75
Dodge: Dodged            |    14 |    18 |   147 |    92 |    97 |    84 |    37 ||   489
Block: Buckler           |       |       |       |     4 |    42 |       |       ||    46
       Kite shield       |       |       |       |       |       |   114 |    33 ||   147
       Reflection        |       |       |       |       |       |    25 |     8 ||    33

Table legend: (Time is in decaauts)
 A = Elapsed time spent in this place.
 B = Non-inter-level travel time spent in this place.
 C = Inter-level travel time spent in this place.
 D = Time resting spent in this place.
 E = Time spent auto-exploring this place.
 F = Levels seen in this place.
 G = Mean time per level.
                   A        B        C        D        E       F      G
               +--------+--------+--------+--------+--------+-----+--------+
         Total |  38777 |  36696 |   2081 |   6144 |  20158 |  37 | 1048.0 |
       Dungeon |  20605 |  19084 |   1521 |   3903 |  11943 |  15 | 1373.7 |
        Temple |     83 |     83 |      0 |      0 |      0 |   1 |   83.0 |
          Lair |   6470 |   6222 |    248 |    399 |   3963 |   6 | 1078.3 |
         Swamp |   2281 |   2180 |    101 |    275 |    967 |   4 |  570.2 |
  Orcish Mines |   1971 |   1906 |     65 |    608 |    867 |   2 |  985.5 |
   Elven Halls |   4001 |   3885 |    116 |    444 |   1376 |   3 | 1333.7 |
        Depths |   1700 |   1671 |     29 |     72 |    892 |   2 |  850.0 |
        Bazaar |     79 |     79 |      0 |      0 |      0 |   1 |   79.0 |
       Ossuary |    490 |    490 |      0 |    137 |    101 |   1 |  490.0 |
      Ice Cave |    648 |    648 |      0 |    253 |     49 |   1 |  648.0 |
      Gauntlet |    444 |    444 |      0 |     53 |      0 |   1 |  444.0 |
               +--------+--------+--------+--------+--------+-----+--------+

Top non-repeatable levels by time:
     D:3: 2847 daAuts
     D:2: 1730 daAuts
    D:10: 1623 daAuts
     D:7: 1608 daAuts
    D:12: 1604 daAuts
    D:11: 1503 daAuts
   Elf:3: 1473 daAuts
     D:6: 1441 daAuts
   Orc:2: 1429 daAuts
   Elf:2: 1389 daAuts
     D:5: 1384 daAuts
     D:4: 1344 daAuts
     D:1: 1338 daAuts
  Lair:2: 1327 daAuts
  Lair:6: 1252 daAuts
